 Dungeon Crawl Stone Soup version 0.21.1-1-g345015f (webtiles) character file.

19632 kae the Basher (level 12, -14/94 HPs)
             Began as a Demonspawn Transmuter on June 12, 2018.
             Was a High Priest of Makhleb.
             Demolished by a minotaur
             ... wielding a +0 flail of holy wrath
              (47 damage)
             ... in a labyrinth.
             The game lasted 00:17:59 (15033 turns).

kae the Basher (Demonspawn Transmuter)             Turns: 15033, Time: 00:18:00

Health: -14/94     AC: 12    Str: 13    XL:     12   Next: 38%
Magic:  19/19      EV: 12    Int: 16    God:    Makhleb [*****.]
Gold:   587        SH:  2    Dex: 15    Spells: 14/15 levels left

rFire    . . .     SeeInvis .   f - +5 whip (vamp)
rCold    + . .     Gourm    .   (no shield)
rNeg     . . .     Faith    .   m - +2 chain mail
rPois    .         Spirit   .   (no helmet)
rElec    .         Reflect  +   d - scarf {repulsion}
rCorr    .         Harm     .   (no gloves)
MR       +....                  (no boots)
Stlth    ..........             g - +2 amulet of reflection
HPRegen  0.25/turn              i - ring of protection from magic
MPRegen  0.16/turn              D - +2 ring of evasion

@: repel missiles
A: talons 1, cold resistance 1, demonic guardian 2, spiny 2
a: Minor Destruction, Lesser Servant of Makhleb, Major Destruction, Greater
Servant of Makhleb, Renounce Religion


You were in a labyrinth.
You worshipped Makhleb.
Makhleb was extremely pleased with you.
You were hungry.

You visited 3 branches of the dungeon, and saw 15 of its levels.
You also visited: Labyrinth and Bailey.

You collected 911 gold pieces.
You spent 324 gold pieces at shops.

Inventory:

Hand Weapons
 f - a +5 vampiric whip (weapon)
Missiles
 a - 266 arrows
Armour
 b - a +0 robe
 d - a scarf of repulsion (worn)
 m - a +2 chain mail (worn)
Jewellery
 g - a +2 amulet of reflection (around neck)
 i - a ring of protection from magic (left hand)
 o - an uncursed amulet of magic regeneration
 w - an uncursed ring of protection from cold
 y - an uncursed ring of positive energy
 D - a +2 ring of evasion (right hand)
 E - an uncursed ring of magical power
 H - an uncursed amulet of the gourmand
 P - an uncursed ring of see invisible
Wands
 s - a wand of iceblast (12)
 t - a wand of random effects (40)
 C - a wand of digging (8)
 I - a wand of flame (74)
 K - a wand of enslavement (14)
 N - a wand of disintegration (9)
 R - a wand of acid (6)
Scrolls
 j - 6 scrolls of remove curse
 k - a scroll of magic mapping
 r - 6 scrolls of teleportation
 x - 4 scrolls of fog
 z - a scroll of amnesia
 J - 2 scrolls of blinking
 M - 2 scrolls of enchant armour
Potions
 l - a potion of might
 n - a potion of resistance
 p - 7 potions of curing
 q - a potion of agility
 u - a potion of berserk rage {unknown}
 v - a potion of flight
 B - 2 potions of ambrosia
 F - a potion of haste
 L - 2 potions of brilliance {unknown}
 U - a potion of invisibility {unknown}
 W - a potion of cancellation
Books
 c - a book of Changes

   Spells                             Type                      Level
   a - Beastly Appendage              Transmutation                1
   b - Sticks to Snakes               Transmutation                2
   c - Spider Form                    Transmutation/Poison         3
   d - Ice Form                       Ice/Transmutation            4
   e - Blade Hands                    Transmutation                5
 G - a book of Callings

   Spells                             Type                      Level
   a - Summon Small Mammal            Summoning                    1
   b - Call Imp                       Summoning                    2
   c - Call Canine Familiar           Summoning                    3
   d - Summon Guardian Golem          Hexes/Summoning              3
   e - Summon Lightning Spire         Summoning/Air                4
   f - Summon Ice Beast               Ice/Summoning                4
 T - a book of Conjurations

   Spells                             Type                      Level
   a - Magic Dart                     Conjuration                  1
   b - Searing Ray                    Conjuration                  2
   c - Dazzling Spray                 Conjuration/Hexes            3
   d - Fulminant Prism                Conjuration/Hexes            4
   e - Force Lance                    Conjuration/Translocation    4
   f - Iskenderun's Mystic Blast      Conjuration                  4
Comestibles
 h - 34 rations


   Skills:
 + Level 8.6 Fighting
 * Level 11.1 Maces & Flails
 + Level 7.8 Armour
 + Level 8.1 Dodging
 - Level 3.0 Unarmed Combat
 - Level 2.1 Spellcasting
 - Level 2.0 Transmutations
 + Level 9.8 Invocations


You had 14 spell levels left.
You knew the following spells:

 Your Spells              Type           Power        Failure   Level  Hunger
a - Beastly Appendage     Tmut           #.....       87%         1    #......


Dungeon Overview and Level Annotations

Branches:
Dungeon (11/15)            Temple (1/1) D:6            Lair (3/6) D:11
    Orc (0/2) D:9
  Swamp: Lair:2-4    Shoals: Lair:2-4     Snake: Lair:2-4    Spider: Lair:2-4

Altars:
Ashenzari
Cheibriados
Dithmenos
Elyvilon
Fedhas
Gozag
Hepliaklqana
Kikubaaqudgha
Makhleb
Nemelex Xobeh
Okawaru
Qazlal
Ru
Sif Muna
Trog
Uskayaw
Vehumet
Wu Jian
Xom
Yredelemnul
Zin
The Shining One

Shops:
D:4 !   D:10 [

Annotations:
D:4 TwaPehs's ghost, amateur TrBe
D:7 Gastronok
Lair:2 exclusion: oklob plant


Innate Abilities, Weirdness & Mutations

You have sharp toenails.
Your flesh is cold resistant. (rC+)
A demonic guardian rushes to your aid.
You are mostly covered in sharp spines.


Message History

You are feeling hungry.
You open the door.
A minotaur comes into view. It is wielding a flail of holy wrath.
The minotaur bellows!
Found a scroll of blinking.
Found an escape hatch in the ceiling.
You hit the minotaur.
The minotaur is lightly wounded.
The minotaur is struck by your spines.
The minotaur hits you with a flail of holy wrath!
You convulse!
The minotaur gores you but does no damage.
You hit the minotaur but do no damage.
The minotaur is lightly wounded.
You hit the minotaur.
You feel better.
The minotaur is moderately wounded.
The minotaur is struck by your spines.
The minotaur hits you with a flail of holy wrath!!
You convulse!!!
Ouch! That really hurt!
You die...

# # #.#. .. .# #
#.# . #. #.#.# .###
# .#.# ..#.....# #
### #..... ...# # .
# #.#######.. .#
###...# # #.# .# #.
. #≈≈.#.#.#... #.
##.#≈<...H@#.# ..
#.#≈≈.#.#4..# #
#.#.# # #.#######
#...#######........
###.........###.###
#.....#.#...#.#
##### .#.##### ...
. ## ####


You could see a minotaur and a friendly ice devil.

Vanquished Creatures
  A hydra (D:11)
  2 two-headed ogres (D:9)
  The ghost of diana the Carver, a novice DsGl of Okawaru (D:8)
  An ugly thing (D:11)
  A black mamba (Lair:2)
  2 spiny frogs
  A blink frog (Lair:1)
  4 hippogriffs
  3 wraiths (D:10)
  2 wyverns
  11 yaks
  Menkaure (D:4)
  4 water moccasins
  Duvessa (D:7)
  2 hell hounds (D:11)
  2 porcupines (Lair:2)
  A swamp drake (D:9)
  10 orc warriors
  3 ice beasts
  2 phantoms
  A black bear (D:11)
  An eye of draining (D:11)
  A sky beast (D:3)
  4 ogres
  2 wolves (Lair:2)
  7 centaurs
  3 crocodiles
  2 big kobolds (D:11)
  10 bullfrogs
  A gnoll sergeant (D:11)
  Dowan (D:7)
  5 scorpions
  3 killer bees (D:11)
  19 wights
  2 howler monkeys (D:9)
  4 crimson imps
  A centaur zombie (D:10)
  A quasit (D:10)
  4 jellies
  4 hounds
  A bullfrog zombie (D:7)
  6 orc priests
  A gnoll shaman (D:5)
  2 bullfrog skeletons
  2 centaur skeletons
  4 iguanas
  8 worker ants
  5 orc wizards
  A worker ant zombie (D:6)
  9 gnolls
  9 adders
  2 shadow imps
  3 worms (D:2)
  6 dart slugs
  2 leopard geckos
  43 orcs
  2 ball pythons
  4 bats
  A giant cockroach (D:6)
  8 goblins
  7 hobgoblins
  27 jackals
  14 kobolds
  3 quokkas
  A frilled lizard (D:3)
  A giant cockroach zombie (D:5)
  A leopard gecko zombie (D:6)
  6 rats
  A butterfly (Lair:2)
311 creatures vanquished.

Vanquished Creatures (collateral kills)
  Erolcha (D:11)
  Josephine (D:10)
  Erica (Lair:1)
  3 two-headed ogres
  A black mamba (Lair:2)
  A gargoyle (D:10)
  A troll (D:10)
  A hornet (D:9)
  A hippogriff (D:11)
  2 blink frogs (Lair:1)
  A spriggan (D:8)
  11 yaks
  3 orc warriors
  2 ice beasts (D:5)
  2 ogres
  3 wolves (Lair:2)
  A centaur (D:10)
  A bullfrog (D:7)
  2 killer bees (D:11)
  2 scorpions (D:11)
  A wight (D:7)
  2 jellies (D:7)
  A quasit (D:10)
  An orc priest (D:10)
  A bullfrog skeleton (D:2)
  3 worker ants
  2 adders
  2 orcs
  3 kobolds
57 creatures vanquished.

Vanquished Creatures (others)
  A plant (Lair:2)
1 creature vanquished.

Grand Total: 369 creatures vanquished

Notes
Turn   | Place    | Note
-------+----------+-------------------------------------------
     0 | D:1      | kae the Demonspawn Transmuter began the quest for the Orb.
     0 | D:1      | Reached XP level 1. HP: 15/15 MP: 3/3
   321 | D:1      | Gained mutation: A weak demonic guardian rushes to your aid. [demonic ancestry]
   321 | D:1      | Reached XP level 2. HP: 21/21 MP: 5/5
  1155 | D:2      | Gained mutation: You are partially covered in sharp spines. [demonic ancestry]
  1155 | D:2      | Reached XP level 3. HP: 14/26 MP: 6/6
  1402 | D:2      | Reached skill level 1 in Maces & Flails
  1402 | D:2      | Gained mutation: You are mostly covered in sharp spines. [demonic ancestry]
  1402 | D:2      | Reached XP level 4. HP: 33/33 MP: 7/7
  1419 | D:2      | Reached skill level 1 in Armour
  1683 | D:2      | Found a deep blue altar of Sif Muna.
  1847 | D:2      | Reached skill level 2 in Maces & Flails
  1915 | D:2      | Reached XP level 5. HP: 38/38 MP: 8/8
  2143 | D:3      | Noticed a sky beast
  2156 | D:3      | Killed a sky beast
  2583 | D:4      | Found an iron altar of Okawaru.
  2598 | D:4      | Reached XP level 6. HP: 41/46 MP: 9/9
  2602 | D:4      | Reached skill level 3 in Maces & Flails
  2882 | D:4      | Noticed Menkaure
  2888 | D:4      | Killed Menkaure
  2892 | D:4      | Noticed TwaPehs's ghost (amateur TrBe)
  3533 | D:4      | Found Xaext's Distillery.
  3573 | D:4      | Bought 2 potions of curing for 72 gold pieces
  3573 | D:4      | Bought a potion of heal wounds for 60 gold pieces
  3677 | D:4      | Reached XP level 7. HP: 33/52 MP: 10/10
  3949 | D:5      | Entered Level 5 of the Dungeon
  3974 | D:5      | Reached skill level 4 in Maces & Flails
  4598 | D:5      | Reached skill level 5 in Maces & Flails
  4598 | D:5      | Gained mutation: You have sharp toenails. [demonic ancestry]
  4598 | D:5      | Reached XP level 8. HP: 47/60 MP: 11/11
  5023 | D:6      | Found a staircase to the Ecumenical Temple.
  5049 | Temple   | Entered the Ecumenical Temple
  5223 | Temple   | Became a worshipper of Makhleb the Destroyer
  5520 | D:7      | Reached skill level 1 in Invocations
  5600 | D:7      | Noticed Dowan
  5601 | D:7      | Noticed Duvessa
  5616 | D:7      | Killed Duvessa
  5616 | D:7      | Reached skill level 6 in Maces & Flails
  5623 | D:7      | Killed Dowan
  5650 | D:7      | Reached * piety under Makhleb
  5887 | D:7      | Reached skill level 5 in Fighting
  5913 | D:7      | Gained mutation: Your flesh is cold resistant. (rC+) [demonic ancestry]
  5913 | D:7      | Reached XP level 9. HP: 52/68 MP: 12/12
  5976 | D:7      | Reached skill level 5 in Dodging
  6129 | D:8      | Noticed Gastronok
  6492 | D:8      | Noticed diana's ghost (novice DsGl)
  6502 | D:8      | Killed diana's ghost
  6502 | D:8      | Reached skill level 7 in Maces & Flails
  6833 | D:9      | Reached skill level 5 in Armour
  6961 | D:9      | Noticed a two-headed ogre
  6962 | D:9      | Noticed a two-headed ogre
  6977 | D:9      | Killed a two-headed ogre
  6977 | D:9      | Reached ** piety under Makhleb
  6977 | D:9      | Reached skill level 5 in Invocations
  6989 | D:9      | Killed a two-headed ogre
  6989 | D:9      | Reached skill level 8 in Maces & Flails
  6989 | D:9      | Gained mutation: A demonic guardian rushes to your aid. [demonic ancestry]
  6989 | D:9      | Reached XP level 10. HP: 47/76 MP: 12/14
  7190 | D:8      | HP: 2/76 [orc warrior/halberd (15)]
  7629 | D:9      | Found an ornate altar of the Wu Jian Council.
  7998 | D:9      | Found a staircase to the Orcish Mines.
  8598 | D:10     | Entered Level 10 of the Dungeon
  8675 | D:10     | Found Nez Soty's Antique Armour Emporium.
  8688 | D:10     | Bought a glowing scarf for 192 gold pieces
  8728 | D:10     | Reached *** piety under Makhleb
  8729 | D:10     | Found a flagged portal.
  8730 | D:10     | Noticed a two-headed ogre
  8734 | D:10     | Killed a two-headed ogre
  8760 | Bailey   | Entered a bailey
  8773 | Bailey   | Reached skill level 9 in Maces & Flails
 10433 | D:10     | Noticed a two-headed ogre
 10437 | D:10     | Killed a two-headed ogre
 10437 | D:10     | Reached XP level 11. HP: 84/84 MP: 16/16
 10663 | D:10     | Reached **** piety under Makhleb
 10667 | D:10     | Noticed Josephine
 10674 | D:10     | Killed Josephine
 11532 | D:11     | Found a staircase to the Lair.
 11764 | D:11     | Noticed a purple ugly thing
 11773 | D:11     | Killed a purple ugly thing
 11798 | D:11     | Noticed a five-headed hydra
 11808 | D:11     | Killed a five-headed hydra
 11808 | D:11     | Reached skill level 10 in Maces & Flails
 11968 | D:11     | Reached ***** piety under Makhleb
 12259 | D:11     | Noticed Erolcha
 12269 | D:11     | Killed Erolcha
 12355 | D:11     | Noticed a two-headed ogre
 12360 | D:11     | Killed a two-headed ogre
 12674 | Lair:1   | Entered Level 1 of the Lair of Beasts
 12720 | Lair:1   | Noticed Erica
 12736 | Lair:1   | Killed Erica
 12926 | Lair:1   | Reached XP level 12. HP: 93/93 MP: 18/18
 13664 | Lair:2   | Reached skill level 11 in Maces & Flails
 14494 | Lair:3   | Found a labyrinth entrance.
 14589 | Lab      | Entered a labyrinth
 15030 | Lab      | Noticed a minotaur
 15033 | Lab      | Demolished by a minotaur

Skill      XL: |  1  2  3  4  5  6  7  8  9 10 11 12 |
---------------+-------------------------------------+-----
Transmutations | 2 |  2.0
Unarmed Combat | 3 |  3.0
Dodging        | 2 3 4 6 7 8 |  8.1
Maces & Flails | 1 2 3 5 6 8 9 10 11 | 11.1
Armour         | 1 2 3 4 5 6 7 |  7.8
Fighting       | 2 3 4 5 6 7 8 |  8.6
Invocations    | 3 5 7 9 |  9.8
Spellcasting   | |  2.1

Action                   |  1- 3 |  4- 6 |  7- 9 | 10-12 || total
-------------------------+-------+-------+-------+-------++-------
Melee: Unarmed           |    14 |       |       |       ||    14
       Whip              |    97 |   127 |   309 |   810 ||  1343
       Kick              |     3 |       |    62 |   226 ||   291
       Punch             |     1 |       |       |     4 ||     5
 Cast: Beastly Appendage |     3 |       |       |       ||     3
Invok: Lesser Servant of |       |       |       |     2 ||     2
Evoke: Wand              |       |       |     2 |     4 ||     6
  Use: Scroll            |       |       |    16 |     9 ||    25
       Potion            |       |       |     2 |     3 ||     5
 Stab: Distracted        |       |       |     3 |     1 ||     4
  Eat: Ration            |     1 |       |       |     2 ||     3
       Chunk             |     1 |     8 |    12 |    18 ||    39
Armor: Robe              |    18 |       |       |       ||    18
       Chain mail        |    16 |    53 |   100 |   234 ||   403
Dodge: Dodged            |    71 |    23 |    97 |   290 ||   481
       Deflected         |       |       |       |    34 ||    34
Block: Other             |       |       |    18 |    44 ||    62
       Reflection        |       |       |     1 |     4 ||     5
